 Dungeon Crawl Stone Soup version 0.21-a0-85-ga0cb861 (webtiles) character file.

25 smhtbhfam the Sneak (level 2, -2/22 HPs)
             Began as a Vampire Wizard on June 25, 2017.
             Was an Initiate of Makhleb.
             Killed from afar by Sigmund (7 damage)
             ... with a magic dart
             ... on level 3 of the Dungeon.
             The game lasted 00:04:31 (894 turns).

smhtbhfam the Sneak (Vampire Wizard)                 Turns: 894, Time: 00:04:31

Health: -2/22      AC:  2    Str:  6    XL:     2   Next: 86%
Magic:  6/6        EV: 12    Int: 20    God:    Makhleb [......]
Gold:   73         SH:  0    Dex: 12    Spells: 4/7 levels left

rFire    . . .     SeeInvis +   e - +0 dagger (protect)
rCold    . . .     Gourm    .   (no shield)
rNeg     + . .     Faith    .   a - +0 robe
rPois    .         Spirit   .   b - +0 hat
rElec    .         Reflect  .   (no cloak)
rCorr    .         Harm     .   (no gloves)
MR       .....                  (no boots)
Stlth    ++........             (no amulet)
HPRegen  0.07/turn              (no ring)
MPRegen  0.10/turn              (no ring)

@: no status effects
A: fangs 3, see invisible, unbreathing
a: Renounce Religion


You were on level 3 of the Dungeon.
You worshipped Makhleb.
Makhleb was noncommittal.
You were not thirsty.

You visited 1 branch of the dungeon, and saw 3 of its levels.

You collected 73 gold pieces.

Inventory:

Hand Weapons
 e - a +0 dagger of protection (weapon)
Armour
 a - a +0 robe (worn)
 b - a +0 hat (worn)
Jewellery
 n - an uncursed ring of flight {unknown}
Scrolls
 f - a scroll of amnesia {unknown}
 g - 4 scrolls of identify {unknown}
 m - a scroll of remove curse {unknown}
Potions
 d - 8 potions of blood {@q0}
 h - a potion of brilliance {unknown}
 i - a potion of invisibility {unknown}
 j - a potion of lignification {unknown}
 k - 2 potions of curing {unknown}
 l - a potion of agility {unknown}
Books
 c - a book of Minor Magic

   Spells                             Type                      Level
   a - Magic Dart                     Conjuration                  1
   b - Blink                          Translocation                2
   c - Call Imp                       Summoning                    2
   d - Slow                           Hexes                        2
   e - Conjure Flame                  Conjuration/Fire             3
   f - Mephitic Cloud                 Conjuration/Poison/Air       3


   Skills:
 - Level 1.6 Fighting
 - Level 2.1 Dodging
 - Level 3.0 Stealth
 - Level 3.0 Spellcasting
 - Level 0.6 Conjurations
 + Level 2.0 Summonings
   Level 0.7 Translocations


You had 4 spell levels left.
You knew the following spells:

 Your Spells              Type           Power        Failure   Level  Hunger
a - Magic Dart            Conj           #...         11%         1    None
b - Call Imp              Summ           ##......     10%         2    ##.....


Dungeon Overview and Level Annotations

Branches:
Dungeon (3/15)

Altars:
Makhleb

Annotations:
D:3 Sigmund


Innate Abilities, Weirdness & Mutations

You have razor-sharp teeth.
You have supernaturally acute eyesight. (SInv)
You can survive without breathing.


Message History

Your Summonings skill increases to level 2!
Casting: Magic Dart
Confirm with . or Enter, or press ? or * to list all spells.
You can't see any susceptible monsters within range! (Use Z to cast anyway.)
Found a hunting sling.
Sigmund the Dreaded comes into view.
He is wielding a scythe.
Sigmund shouts!
Sigmund casts a spell at you. The magic dart hits you!
Sigmund mumbles some strange words.
Sigmund flickers and vanishes for a moment.
A giant cockroach comes into view.
Okay, then.
Sigmund casts a spell at you. The puff of flame hits you!
* * * LOW HITPOINT WARNING * * *
There is a stone staircase leading up here.
Sigmund casts a spell at you. The magic dart hits you!
You die...

####.#######
............
...#.#######
...#.#
...#.#############
....[...#.%......#
##.#....#........#
##.######@.......#
................@#
...######........#
...# #........#
...# ##########
...# ...# ...#
####


You could see Sigmund.

Vanquished Creatures
  2 leopard geckos
  2 bats
  A giant cockroach (D:1)
  2 goblins
  A hobgoblin (D:1)
  3 quokkas
  A frilled lizard (D:1)
  5 kobolds
  4 rats
21 creatures vanquished.

Notes
Turn   | Place    | Note
-------+----------+-------------------------------------------
     0 | D:1      | smhtbhfam the Vampire Wizard began the quest for the Orb.
     0 | D:1      | Reached XP level 1. HP: 13/13 MP: 4/4
     0 | D:1      | this shit sure wants me to play a vampire
     0 | D:1      | FINE
     0 | D:1      | let's go -3 apt
   114 | D:1      | Reached skill level 1 in Fighting
   209 | D:1      | Reached XP level 2. HP: 21/21 MP: 1/6
   338 | D:1      | Learned a level 2 spell: Call Imp
   661 | D:2      | Found a burning altar of Makhleb.
   669 | D:2      | Became a worshipper of Makhleb the Destroyer
   844 | D:3      | Reached skill level 2 in Summonings
   853 | D:3      | Noticed Sigmund
   886 | D:3      | HP: 4/22 [Sigmund/puff of flame (9)]
   894 | D:3      | Killed from afar by Sigmund

Vault maps used:
D:1:      minmay_arrival_four_houses
D:2:      bloody_makhleb
D:3:      first_bread, kennysheep_generic_room_5, uniq_grinder, uniq_sigmund

Skill      XL: |  1  2 |
---------------+-------+-----
Fighting       | 1 |  1.6
Summonings     | 2 |  2.0
Dodging        | |  2.1
Stealth        | |  3.0
Spellcasting   | |  3.0
Conjurations   | |  0.6
Translocations | |  0.7

Action                   || total
-------------------------++-------
Melee: Dagger            ||    32
 Cast: Magic Dart        ||    48
 Stab: Sleeping          ||     1
Armor: Robe              ||     7
Dodge: Dodged            ||    43
